 Dungeon Crawl Stone Soup version 0.24-a0-584-g9d6b971ae4 (webtiles) character file.

Game seed: 10942213304493800794, levelgen mode: deterministic

299 MisterOstroum the Skirmisher (level 6, -4/63 HPs)
             Began as a Troll Arcane Marksman on Aug 29, 2019.
             Killed from afar by an orc wizard (7 damage)
             ... with a magic dart
             ... on level 4 of the Dungeon.
             The game lasted 00:06:33 (2182 turns).

MisterOstroum the Skirmisher (TrAM)                 Turns: 2182, Time: 00:06:34

Health: -4/63      AC:  8    Str: 18 (20) XL:     6   Next: 13%
Magic:  6/6        EV:  7    Int:  7 (9)  God:
Gold:   136        SH:  6    Dex:  9 (11) Spells: 3/7 levels left

rFire    . . .     SeeInvis .     - Unarmed
rCold    . . .     Gourm    +   n - +0 shield
rNeg     . . .     Faith    .   a - +0 robe
rPois    .         Spirit   .   (helmet restricted)
rElec    .         Reflect  .   c - +0 cloak (curse)
rCorr    .         Harm     .   (gloves unavailable)
MR       .....                  (boots unavailable)
Stlth    +.........             (no amulet)
HPRegen  0.60/turn              (no ring)
MPRegen  0.10/turn              (no ring)

@: lethally poisoned (-4 -> -4), flying, hasted and slowed
A: large, unfitting armour, claws 3, rugged brown scales 1, fast metabolism 3,
gourmand, regeneration 1, shaggy fur 1, tough skin 3, MP-powered wands
a: no special abilities


You were on level 4 of the Dungeon.
You were completely stuffed.

You visited 1 branch of the dungeon, and saw 4 of its levels.

You collected 136 gold pieces.

Inventory:

Missiles
 i - 62 stones (quivered)
Armour
 a - a +0 robe (worn)
 c - a cursed +0 cloak (worn)
 l - a scarf of cloud immunity
 m - a +0 cloak
 n - a +0 shield (worn)
Scrolls
 h - a scroll of fog {unknown}
 o - a scroll of remove curse {unknown}
 p - a scroll of identify {unknown}
 r - 2 scrolls of enchant weapon {unknown}
Potions
 g - a potion of mutation
 q - a potion of flight
Comestibles
 e - 4 rations
 j - 6 chunks of flesh


   Skills:
 + Level 3.9 Fighting
 + Level 2.7 Throwing
 - Level 1.5 Dodging
 - Level 3.0 Unarmed Combat
 - Level 1.0 Spellcasting
 - Level 2.0 Hexes


You had 3 spell levels left.
You knew the following spells:

 Your Spells              Type           Power        Failure   Level  Hunger
a - Corona                Hex            #......      78%         1    ##.....
b - Portal Projectile     Hex/Tloc       #.....       99%         3    ####...

Your spell library contained the following spells:

 Spells                   Type           Power        Failure   Level  Hunger
 Slow                     Hex            #.......     89%         2    ###....
 Inner Flame              Hex/Fire       #.......     99%         3    ####...
 Cause Fear               Hex            #.........   100%        4    #####..
 Leda's Liquefaction      Hex/Erth       #.........   100%        4    #####..


Dungeon Overview and Level Annotations

Branches:
Dungeon (4/15)
 Temple: D:4-7

Altars:
Kikubaaqudgha


Innate Abilities, Weirdness & Mutations

You are too large for most types of armour.
You have claws for hands.
Your metabolism is lightning-fast.
You like to eat raw meat.
Your natural rate of healing is unusually fast.
You are covered in fur. (AC +1)
You have extremely tough skin. (AC +3)
You are partially covered in rugged brown scales. (AC +1, +3% HP)
You expend magic power (3 MP) to strengthen your wands.


Message History

* * * LOW HITPOINT WARNING * * *
You closely miss the orc wizard.
The orc wizard is severely wounded.
You feel sick.
The orc wizard casts a spell.
The orc wizard blinks!
The orc wizard gestures wildly while chanting.
The orc wizard seems to speed up.
The orc wizard gestures wildly while chanting.
The orc wizard blinks!
You claw the orc wizard!
You kill the orc wizard!
You feel sick.
You scratch the orc.
The orc is moderately wounded.
You feel sick. You block the orc's attack.
You closely miss the orc.
The orc is moderately wounded.
You feel sick. You block the orc's attack. You block the orc wizard's attack.
It was a potion of flight.
You feel very buoyant.
You fly up into the air.
You feel sick.
The orc wizard gestures wildly while chanting.
The orc wizard blinks!
The orc hits you but does no damage.
It was a potion of mutation.
You feel extremely strange.
You feel your magical essence link to your wands.
Rugged brown scales grow over part of your body.
You feel sick. The orc barely misses you.
It was a potion of degeneration.
There was something very wrong with that liquid.
You feel weakened.
You feel dopey.
You feel clumsy.
You feel sick. The orc hits you with a +0 falchion.
* * * LOW HITPOINT WARNING * * *
It was a potion of curing.
You feel better. You block the orc's attack.
It was a potion of haste.
You feel yourself speed up. The orc hits you with a +0 falchion.
* * * LOW HITPOINT WARNING * * *
The orc wizard casts a spell at you. The magic dart hits you.
* * * LOW HITPOINT WARNING * * *
You closely miss the orc wizard.
The orc wizard hits you but does no damage.
You are poisoned.
You block the orc's attack.
You scratch the orc wizard but do no damage.
You feel sick.
The orc wizard gestures wildly while chanting.
The orc wizard blinks!
You feel sick.
You completely miss the orc.
The orc is moderately wounded.
You block the orc's attack.
You barely miss the orc.
The orc is moderately wounded.
You feel sick.
You closely miss the orc.
The orc is moderately wounded.
The orc wizard gestures at you while chanting.
The magic dart hits you but does no damage.
The orc hits you but does no damage.
Some of the chunks of flesh in your inventory have rotted away.
Throwing (i - inventory. (/) - cycle)
s - a large rock (quivered)
Press: ? - help, Shift-Dir - straight line, f/p - orc wizard
Aim: an orc wizard, wielding a +1 dagger of venom and wearing a +0 robe (fast)
You throw a large rock.
The large rock barely misses the orc wizard.
You feel sick.
The orc wizard points at you and mumbles some strange words.
The magic dart hits you.
* * * LOW HITPOINT WARNING * * *
The orc hits you but does no damage.
The orc wizard points at you and mumbles some strange words.
You feel yourself slow down.
Throwing (i - inventory. (/) - cycle)
d - a throwing net (quivered)
{!f}
Press: ? - help, Shift-Dir - straight line, f/p - orc wizard
Aim: an orc wizard, wielding a +1 dagger of venom and wearing a +0 robe (fast) Really fire
d - a throwing net {!f}?
You throw a throwing net {!f}.
The throwing net {!f} hits the orc wizard.
The orc wizard is caught in the net!
You feel sick.
The orc wizard struggles against the net.
The orc completely misses you.
The orc wizard mumbles some strange words.
The orc wizard blinks!
You block the orc's attack.
You feel sick.
You see here a throwing net {!f}.
d - a throwing net {!f} The orc hits you with a +0 falchion.
* * * LOW HITPOINT WARNING * * *
Throwing (i - inventory. (/) - cycle)
d - a throwing net (quivered)
{!f}
Press: ? - help, Shift-Dir - straight line, f/p - orc wizard
Aim: an orc wizard, wielding a +1 dagger of venom and wearing a +0 robe (fast) Really fire
d - a throwing net {!f}?
You throw a throwing net {!f}.
The throwing net {!f} closely misses the orc wizard.
You feel sick.
The orc wizard points at you and mumbles some strange words.
The magic dart hits you!
You die...

......###....#....).
#####..o÷......#..#
###.....^..##..###
###...##.......(o..##
.....###........##..#######
.....# #........###........
##...###...<......).#######
#..............o...#
##....##......o.@...#
.............[......#
##...###................
#...# #............####
#..)# #............# #...#
#########....# ##### #....#
#....#


You could see an orc wizard and an orc.

Vanquished Creatures
  A hound (D:4)
  An orc wizard (D:4)
  2 orc priests (D:3)
  3 worker ants
  A gnoll (D:1)
  4 adders
  3 worms (D:2)
  A leopard gecko (D:2)
  4 orcs
  8 bats
  2 bat zombies (D:3)
  A giant cockroach (D:4)
  8 goblins
  3 hobgoblins (D:3)
  2 jackals (D:2)
  2 quokkas (D:3)
  2 frilled lizards (D:1)
  7 kobolds
  5 rats
  3 rat zombies (D:3)
63 creatures vanquished.

Notes
Turn   | Place    | Note
-------+----------+-------------------------------------------
     0 | D:1      | MisterOstroum the Troll Arcane Marksman began the quest for
                  | the Orb.
     0 | D:1      | Reached XP level 1. HP: 18/18 MP: 1/1
     2 | D:1      | Noticed a naga
     2 | D:1      | Noticed a dwarf
     4 | D:1      | Noticed a troll
     4 | D:1      | Noticed an ogre
     6 | D:1      | Noticed a ghoul
     8 | D:1      | Noticed a vine stalker
    10 | D:1      | Noticed a tengu
    10 | D:1      | Noticed a formicid
    12 | D:1      | Noticed an elf
    12 | D:1      | Noticed a spriggan
    14 | D:1      | Noticed a human
    14 | D:1      | Noticed a minotaur
    16 | D:1      | Noticed a merfolk
    16 | D:1      | Noticed a vampire
    18 | D:1      | Noticed a draconian
    18 | D:1      | Noticed a demigod
    20 | D:1      | Noticed a demonspawn
    22 | D:1      | Noticed a halfling
    22 | D:1      | Noticed an octopode
    24 | D:1      | Noticed a felid
    24 | D:1      | Noticed a centaur
    26 | D:1      | Noticed a gargoyle
   152 | D:1      | Reached skill level 1 in Fighting
   229 | D:1      | Reached skill level 1 in Unarmed Combat
   249 | D:1      | Reached XP level 2. HP: 14/27 MP: 2/2
   754 | D:2      | Reached XP level 3. HP: 30/35 MP: 3/3
   973 | D:2      | Reached XP level 4. HP: 36/42 MP: 4/4
  1001 | D:2      | Learned a level 3 spell: Portal Projectile
  1630 | D:3      | Reached XP level 5. HP: 21/53 MP: 5/5
  1709 | D:3      | Found an ancient bone altar of Kikubaaqudgha.
  2088 | D:4      | Reached XP level 6. HP: 42/62 MP: 6/6
  2167 | D:4      | Gained mutation: You expend magic power (3 MP) to
                  | strengthen your wands. [potion of mutation]
  2167 | D:4      | Gained mutation: You are partially covered in rugged brown
                  | scales. (AC +1, +3% HP) [potion of mutation]
  2168 | D:4      | HP: 2/63 [orc/+0 falchion (4)]
  2181 | D:4      | HP: 3/63 [orc/+0 falchion (2)]
  2182 | D:4      | Killed from afar by an orc wizard

Levels and vault maps discovered:
D:1:      kb_arrival_jail, layout_loops_ring
D:2:      layout_basic
D:3:      layout_rooms, gammafunk_temple_overflow_elements,
          lemuel_zombie_altar_kikubaaqudgha, old_standard_altar, first_ration
D:4:      layout_rooms

Skill      XL: |  1  2  3  4  5 |
---------------+----------------+-----
Fighting       | 1 2 3 |  3.9
Unarmed Combat | 1 2 3 |  3.0
Throwing       | 2 |  2.7
Dodging        | |  1.5
Spellcasting   | |  1.0
Hexes          | |  2.0

Action                   |  1- 3 |  4- 6 || total
-------------------------+-------+-------++-------
Melee: Unarmed           |    77 |   175 ||   252
Throw: Large rock        |    10 |     6 ||    16
       Throwing net      |     2 |     3 ||     5
       Stone             |     7 |    74 ||    81
 Cast: Corona            |     1 |       ||     1
  Use: Potion            |       |     5 ||     5
  Eat: Chunk             |    14 |    12 ||    26
Armor: Robe              |    23 |   107 ||   130
Dodge: Dodged            |    46 |    74 ||   120
Block: Shield            |       |    93 ||    93

Table legend:
 A = Non-vault XP
 B = Vault XP
 C = Vault XP percentage of total XP
 D = Non-vault monster count
 E = Vault monster count
 F = Vault count percentage of total count
                 A         B        C        D         E       F
            +---------+---------+-------+---------+---------+-------
      Total |     421 |       7 |   1.6 |      58 |       5 |   7.9
            +---------+---------+-------+---------+---------+-------
        D:1 |      35 |       0 |   0.0 |      16 |       0 |   0.0
        D:2 |      86 |       0 |   0.0 |      20 |       0 |   0.0
        D:3 |     128 |       7 |   5.2 |      14 |       5 |  26.3
        D:4 |     172 |       0 |   0.0 |       8 |       0 |   0.0
            +---------+---------+-------+---------+---------+-------
